 Dungeon Crawl Stone Soup version 0.25.0-1-g7eea58d (webtiles) character file.

Game seed: 65818810717245664

3311 Illumine the Cleaver (level 9, -4/81 HPs)
             Began as a Minotaur Fighter on June 18, 2020.
             Was a Believer of Okawaru.
             Slain by an orc warrior
             ... wielding a +0 glaive
              (17 damage)
             ... in a bailey.
             The game lasted 00:10:27 (7930 turns).

Illumine the Cleaver (Minotaur Fighter)             Turns: 7930, Time: 00:10:28

Health: -4/81      AC: 16    Str: 24    XL:     9   Next: 70%
Magic:  8/8        EV:  8    Int:  5    God:    Okawaru [**....]
Gold:   529        SH: 11    Dex: 10    Spells: 8/8 levels left

rFire    . . .     SeeInvis .   a - +1 war axe
rCold    . . .     Gourm    .   c - +0 kite shield
rNeg     + . .     Faith    .   D - +0 pearl dragon scales
rPois    +         Spirit   .   (helmet restricted)
rElec    .         Reflect  .   i - +0 cloak
rCorr    .         Harm     .   (no gloves)
MR       .....                  G - +0 pair of boots
Stlth    ..........             (no amulet)
HPRegen  0.23/turn              j - ring of poison resistance
MPRegen  0.11/turn              F - ring of attention (curse)

@: mighty
A: retaliatory headbutt, horns 2
a: Heroism, Renounce Religion


You were in a bailey.
You worshipped Okawaru.
Okawaru was pleased with you.
You were not hungry.

You visited 2 branches of the dungeon, and saw 10 of its levels.
You also visited: Sewer and Bailey.

You collected 529 gold pieces.

Inventory:

Hand Weapons
 a - a +1 war axe (weapon)
 e - a +0 hunting sling
 K - a +0 battleaxe
Missiles
 b - 53 poisoned darts (quivered)
 l - 7 boomerangs
 n - 33 sling bullets
 q - 253 stones
 L - a javelin
Armour
 c - a +0 kite shield (worn)
 i - a +0 cloak (worn)
 C - the cursed +1 ring mail "Vanogheni" {rC+ Dex+3}
   (You took it off an orc on level 5 of the Dungeon)

   It affects your dexterity (+3).
   It protects you from cold.
   It has a curse placed upon it.
 D - +0 pearl dragon scales (worn)
 G - a +0 pair of boots (worn)
Jewellery
 j - a ring of poison resistance (left hand)
 m - an uncursed ring of resist corrosion
 F - a cursed ring of attention (right hand)
Wands
 u - a wand of iceblast (11)
 B - a wand of paralysis (6)
Scrolls
 h - 5 scrolls of teleportation
 p - a scroll of acquirement {unknown}
 s - a scroll of fear
 v - 3 scrolls of amnesia
 w - a scroll of identify
 y - a scroll of fog {unknown}
 E - a scroll of magic mapping
Potions
 d - 2 potions of might
 g - a potion of ambrosia
 k - a potion of berserk rage
 o - 9 potions of curing
 r - 2 potions of flight {unknown}
 t - a potion of haste {unknown}
 x - 3 potions of heal wounds
 z - 2 potions of degeneration {unknown}
 A - a potion of cancellation {unknown}
 I - a potion of stabbing {unknown}
Miscellaneous
 H - a phantom mirror
Comestibles
 f - 8 rations
 J - 3 chunks of flesh


   Skills:
 + Level 8.2 Fighting
 + Level 10.4 Axes
 + Level 0.7 Throwing
 + Level 8.2 Armour
 + Level 1.1 Dodging
 + Level 8.2 Shields
 + Level 1.1 Invocations


You had 8 spell levels left.
You didn't know any spells.
Your spell library contained the following spells:

 Spells                   Type           Power        Failure   Level  Hunger
 Confusing Touch          Hex            #.......     100%        3    ####...
 Gell's Gravitas          Tloc           #.........   100%        3    ####...
 Petrify                  Tmut/Erth      #.......     100%        4    #####..
 Metabolic Englaciation   Hex/Ice        #.........   100%        5    ######.
 Yara's Violent Unravell  Hex/Tmut       #.........   100%        5    ######.


Dungeon Overview and Level Annotations

Branches:
Dungeon (9/15)             Temple (1/1) D:6           Sewer (visited)
 Bailey (1/1)
   Lair: D:8-11         Orc: D:9-12

Altars:
Cheibriados
Dithmenos
Elyvilon
Kikubaaqudgha
Nemelex Xobeh
Okawaru
Qazlal
Trog
Xom
Yredelemnul
The Shining One

Shops:
D:6 }   D:7 (


Innate Abilities, Weirdness & Mutations

You reflexively headbutt those who attack you in melee.
You have a pair of horns on your head.


Message History

You kill the orc!
Okawaru accepts your kill. You block the orc warrior's attack. x2
You hit the orc warrior.
The orc warrior is moderately wounded.
You barely miss the orc warrior. You block the orc warrior's attack.
The orc warrior hits you with a +0 glaive!
You miss the orc warrior.
The orc warrior is moderately wounded.
You slash the orc warrior! You block the orc's attack.
The orc warrior hits you with a +0 glaive!
* * * LOW HITPOINT WARNING * * *
You hit the orc warrior.
The orc warrior is severely wounded.
You hit the orc warrior but do no damage.
You block the orc's attack. You block the orc warrior's attack.
The orc hits you but does no damage.
You feel very mighty all of a sudden.
The orc warrior hits you with a +0 glaive!
You die...

#≈).#.≈.≈.≈..∩..≈.≈.≈
#≈..#.≈.≈.≈.⌠∩⌠.≈.≈.≈
#≈..#.≈.≈.≈≈...≈≈)≈.≈
#≈..#.≈.≈≈.≈...≈)≈≈.≈
#≈..#.≈≈.≈.≈≈≈≈≈.≈)≈≈
#≈..##.≈.≈≈.....≈≈)≈.
#≈..⌠#.≈≈.≈≈≈.≈≈≈)≈≈.
#≈..)#..≈≈..≈.≈))≈≈..
#≈.o@#.⌠.≈≈≈...≈≈≈.⌠.
#≈..o##....≈≈≈≈≈....#
#≈...o#####.....#####
##..... #######
##..... ##.....
#######


You could see 2 orc warriors and an orc.

Vanquished Creatures
  A water moccasin (D:7)
  An ice beast (D:5)
  2 sky beasts
  2 orc warriors
  6 centaurs
  3 ogres
  2 big kobolds (Sewer)
  5 bullfrogs
  A gnoll sergeant (D:5)
  A scorpion (D:7)
  A howler monkey (D:5)
  3 bullfrog zombies
  A centaur zombie (D:5)
  A jelly (D:6)
  10 orc wizards
  A hound (D:8)
  5 orc priests
  2 iguanas (D:6)
  Ijyb (D:4)
  10 worker ants
  A killer bee zombie (D:6)
  A hound zombie (D:7)
  12 adders
  8 gnolls
  2 shadow imps (D:7)
  5 oozes
  2 adder skeletons (D:5)
  2 adder zombies (D:5)
  5 worms
  6 leopard geckos
  51 orcs
  11 giant cockroaches
  14 goblins
  11 hobgoblins
  4 jackals
  13 kobolds
  4 quokkas
  5 ball pythons
  6 bats
  6 frilled lizards
  6 rats
234 creatures vanquished.

Notes
Turn   | Place    | Note
-------+----------+-------------------------------------------
     0 | D:1      | Illumine the Minotaur Fighter began the quest for the Orb.
     0 | D:1      | Reached XP level 1. HP: 19/19 MP: 0/0
   111 | D:1      | Reached XP level 2. HP: 15/27 MP: 1/1
   314 | D:1      | Reached skill level 3 in Axes
   898 | D:2      | Reached XP level 3. HP: 17/33 MP: 2/2
  1648 | D:2      | Reached XP level 4. HP: 37/40 MP: 3/3
  1819 | D:3      | Found a shimmering altar of Xom.
  1848 | D:3      | Reached skill level 4 in Axes
  1938 | D:3      | Found a bloodstained altar of Trog.
  2014 | D:3      | Found a faded altar of an unknown god.
  2352 | D:3      | Found a glowing drain.
  2365 | Sewer    | Entered a sewer
  2426 | Sewer    | Reached XP level 5. HP: 44/47 MP: 4/4
  2521 | Sewer    | Reached skill level 5 in Axes
  2521 | Sewer    | Reached XP level 6. HP: 45/55 MP: 5/5
  2732 | D:4      | Reached skill level 5 in Shields
  2772 | D:4      | Reached skill level 5 in Armour
  2886 | D:4      | Reached skill level 5 in Fighting
  2945 | D:4      | Noticed Ijyb
  2957 | D:4      | Killed Ijyb
  3222 | D:4      | Reached skill level 6 in Axes
  3222 | D:4      | Reached XP level 7. HP: 25/61 MP: 6/6
  3233 | D:4      | Found a stormy altar of Qazlal.
  3857 | D:5      | Entered Level 5 of the Dungeon
  3899 | D:5      | Reached skill level 7 in Axes
  4051 | D:5      | Reached XP level 8. HP: 50/70 MP: 7/7
  4539 | D:5      | Found a shadowy altar of Dithmenos.
  4544 | D:5      | Identified the cursed +1 ring mail "Vanogheni" {rC+ Dex+3}
  4548 | D:5      | Paralysed by an orc for 4 turns
  4565 | D:5      | Reached skill level 8 in Axes
  4964 | D:6      | Found a staircase to the Ecumenical Temple.
  4996 | Temple   | Entered the Ecumenical Temple
  5056 | Temple   | Became a worshipper of Warmaster Okawaru
  5496 | D:6      | Found a glowing golden altar of the Shining One.
  5725 | D:6      | Found Maharene's Gadget Shop.
  5869 | D:7      | Reached skill level 9 in Axes
  5941 | D:7      | Found Hitouptaj's Weapon Shoppe.
  6022 | D:7      | Reached XP level 9. HP: 79/79 MP: 8/8
  6101 | D:7      | Reached * piety under Okawaru
  6953 | D:8      | Found a sparkling altar of Nemelex Xobeh.
  7017 | D:8      | Reached skill level 10 in Axes
  7482 | D:9      | Reached ** piety under Okawaru
  7567 | D:9      | Found a flagged portal.
  7584 | Bailey   | Entered a bailey
  7666 | Bailey   | Reached skill level 1 in Dodging
  7677 | Bailey   | Reached skill level 1 in Invocations
  7930 | Bailey   | Slain by an orc warrior

Illustrated notes

Levels and vault maps discovered:
D:1:      minmay_arrival_semitransparent, layout_rooms, nrook_uturn,
          chequers_serial_rivers_marsh
D:2:      layout_basic, first_ration
D:3:      layout_basic, lemuel_crystal_altar, lightli_temple_of_fire,
          portal_sewer_entry_f, chequers_ecumenical_altar_simple_redux
D:4:      kennysheep_the_goblin_king, layout_loops_cross,
          nicolae_qazlal_eye_of_the_storm, uniq_ijyb
D:5:      layout_cave_pools, minmay_misc_feat_iff,
          nicolae_dithmenos_shadow_blocks
D:6:      layout_basic, tso_altar, minmay_temple_entry_overgrown, serial_shops,
          nicolae_shop_stone
D:7:      layout_loops_ring, serial_shops, shop
D:8:      layout_loops_ring, nemelex_xobeh_ov_fountains_minmay,
          nicolae_zen_rock_garden
D:9:      layout_roguey, david_orc_4, enter_bailey_6, grunt_ogre_cave
Temple:   hc_temple_tempest_star
Bailey:   bailey_polearm_flooded_kennysheep, bailey

Skill      XL: |  1  2  3  4  5  6  7  8  9 |
---------------+----------------------------+-----
Axes           | 3 4 5 6 7 9 10 | 10.4
Fighting       | 4 5 6 7 8 |  8.2
Armour         | 4 5 6 7 8 |  8.2
Shields        | 4 5 6 7 8 |  8.2
Dodging        | 1 |  1.1
Invocations    | 1 |  1.1
Throwing       | |  0.7

Action                   |  1- 3 |  4- 6 |  7- 9 || total
-------------------------+-------+-------+-------++-------
Melee: War axe           |   107 |   144 |   312 ||   563
       Headbutt          |    11 |    21 |    61 ||    93
Throw: Dart              |     1 |       |     2 ||     3
  Use: Scroll            |       |     7 |     4 ||    11
       Potion            |       |     1 |     1 ||     2
  Eat: Chunk             |     2 |     6 |    15 ||    23
Armor: Scale mail        |    26 |       |    53 ||    79
       Chain mail        |    59 |    87 |    31 ||   177
       Skin              |     1 |       |       ||     1
       Pearl dragon scal |       |       |    94 ||    94
Dodge: Dodged            |    33 |    44 |   102 ||   179
Block: Kite shield       |    76 |    87 |   248 ||   411
